AoeStats
← matzoder

Arena

510409597Analyzed
2v2 RM · 15h ago on Sep 30, 2026· 91m 47s· 4 players
Game mode
Random Map
Map size
Medium (4 player)
Population
200
Speed
Normal
Resources
Standard
Victory
Conquest
Starting age
Dark Age
Ending age
Imperial Age
RankedLock teamsTeams togetherTeam positionsShared explorationLock speedFull tech treeHidden civsTurbo modeCheats
Victory
Defeat
🇩🇪 Vietnamese · Germany
1020
+12
🇩🇪 Poles · Germany
1005
+13
🇩🇪 Bohemians · Germany
986
-14
🇪🇸 Malay · Spain
895
-11
puto amo
11:24 Feudal Age
15:39 Castle Age
15:11 Double-Bit Axe
15:13 Horse Collar
16:37 Loom
17:09 Bow Saw
21:49 Gold Mining
27:53 Imperial Age
25:50 Stone Mining
26:54 Heavy Plow
27:56 Wheelbarrow
27:06 Town Watch
27:56 Conscription
28:47 Husbandry
28:21 Pikeman
30:21 Halberdier
31:02 Squires
32:24 Gold Shaft Mining
41:59 Forced Levy
41:25 Man-at-Arms
42:46 Long Swordsman
43:27 Two-Handed Swordsman
47:05 Crop Rotation
56:48 Elite Battle Elephant
yoyo_berlin
10:04 Feudal Age
10:25 Loom
13:52 Castle Age
11:46 Double-Bit Axe
14:39 Wheelbarrow
16:55 Fervor
19:27 Sanctity
21:28 Atonement
28:01 Redemption
36:13 Imperial Age
35:48 Horse Collar
37:17 Chemistry
36:28 Pikeman
39:50 Halberdier
42:44 Hand Cart
47:19 Heavy Plow
49:09 Scale Mail Armor
49:19 Forging
51:00 Chain Mail Armor
51:20 Iron Casting
51:10 Town Watch
53:11 Padded Archer Armor
53:01 Fletching
53:51 Town Patrol
54:51 Leather Archer Armor
54:26 Fletching
56:39 Plate Mail Armor
57:09 Blast Furnace
57:24 Conscription
58:35 Ring Archer Armor
57:55 Fletching
59:52 Bow Saw
68:12 Light Cavalry
68:53 Husbandry
72:05 Scale Barding Armor
73:01 Blast Furnace
71:56 Bodkin Arrow
73:40 Elite Hussite Wagon
77:17 Siege Engineers
77:00 Arrowslits
77:15 Houfnice
79:04 Squires
80:47 Chain Barding Armor
80:28 Bracer
84:42 Murder Holes
85:39 Elite Skirmisher
matzoder
10:43 Feudal Age
16:39 Castle Age
15:08 Double-Bit Axe
16:19 Horse Collar
36:16 Husbandry
38:33 Scale Barding Armor
38:40 Forging
38:05 Light Cavalry
47:10 Chain Barding Armor
53:34 Bloodlines
70:08 Wheelbarrow
75:37 Imperial Age
77:07 Winged Hussar
80:27 Iron Casting
92:37 Conscription
Mihawk
1:06 Loom
4:21 Loom
11:03 Feudal Age
14:39 Castle Age
12:47 Double-Bit Axe
12:47 Horse Collar
19:50 Scale Barding Armor
21:38 Bow Saw
21:51 Gold Mining
23:17 Stone Mining
25:30 Wheelbarrow
25:44 Stone Shaft Mining
25:20 Loom
27:58 Hand Cart
27:40 Fletching
28:03 Forging
27:54 Scale Mail Armor
28:14 Chain Barding Armor
30:55 Imperial Age
28:49 Fortified Wall
29:29 Iron Casting
28:19 Pikeman
29:26 Devotion
28:51 Light Cavalry
29:41 Bloodlines
29:45 Heavy Plow
31:18 Chain Barding Armor
33:21 Chemistry
31:44 Halberdier
33:21 Cavalier
34:06 Arson
35:48 Crossbowman
36:34 Thumb Ring
35:49 Heavy Cavalry Archer
36:40 Fletching
36:50 Padded Archer Armor
37:02 Elite Rattan Archer
37:22 Arbalester
37:24 Elite Skirmisher
40:15 Chain Mail Armor
39:56 Bodkin Arrow
40:16 Leather Archer Armor
40:23 Imperial Skirmisher
42:22 Husbandry
45:17 Ballistics
48:27 Two-Man Saw
48:05 Plate Barding Armor
47:31 Bracer
48:01 Ring Archer Armor
47:36 Murder Holes
47:52 Masonry
49:57 Paper Money
50:05 Paper Money
56:22 Chatras
65:23 Squires
73:45 Town Watch
90:11 Caravan
Connection lost

Rejoining the realm…

Still unreachable

The connection could not be restored.

Session expired

The server has moved on; the page needs a fresh start.